 Dungeon Crawl Stone Soup version 0.27.1-2-g3b301248ec (webtiles) character file.

Game seed: 13940312557999234951

623 Rickety the Conjurer (level 7, -8/75 (76) HPs)
             Began as a Gnoll Conjurer on Sept 27, 2021.
             Mangled by a wight (10 damage)
             ... on level 7 of the Dungeon.
             The game lasted 00:09:51 (4328 turns).

Rickety the Conjurer (Gnoll Conjurer)               Turns: 4328, Time: 00:09:52

HP:   -8/75 (76)    AC: 23    Str:  5 (6)  XL:     7   Next: 46%
MP:   4/15          EV:  2    Int: 17 (19) God:
Gold: 195           SH:  0    Dex:  8 (11) Spells: 11/17 levels left

rFire    . . .     SeeInvis .   q - +1 dagger (venom)
rCold    . . .     Faith    .   (no shield)
rNeg     + + +     Spirit   .   (armour currently unavailable)
rPois    +         Reflect  .   (helmet currently unavailable)
rElec    .         Harm     .   (cloak currently unavailable)
rCorr    .         Rampage  .   (gloves currently unavailable)
Will     .....     NoTele   +   (boots currently unavailable)
Stlth    ++........             j - amulet of regeneration
HPRegen  1.22/turn              p - ring of positive energy
MPRegen  0.14/turn              (no ring)

@: tree-form, lightly drained
A: stationary, stasis, torment immunity, boosted hp, (fangs 1), strong nose,
distributed training
a: no special abilities


You were on level 7 of the Dungeon.
You were a tree.
You visited 1 branch of the dungeon, and saw 5 of its levels.
You also visited: Sewer.

You collected 195 gold pieces.

Inventory:

Hand Weapons
 q - a +1 dagger of venom (weapon)
Armour
 a - a +0 robe (melded)
Jewellery
 j - an amulet of regeneration (around neck)
 p - a ring of positive energy (left branch)
Wands
 n - a wand of flame (10)
Scrolls
 c - 2 scrolls of blinking {unknown}
 d - 2 scrolls of enchant armour {unknown}
 g - a scroll of fog {unknown}
 h - 3 scrolls of identify {unknown}
 k - 3 scrolls of noise {unknown}
 m - a scroll of amnesia {unknown}
 o - a scroll of acquirement {unknown}
 r - 3 scrolls of teleportation {unknown}
 s - a scroll of fear {unknown}
Potions
 e - 2 potions of curing
 f - a potion of ambrosia {unknown}
 i - a potion of degeneration
 l - a potion of cancellation {unknown}


   Skills:
 + Level 2.5 Fighting
 + Level 2.5 Short Blades
 + Level 2.5 Long Blades
 + Level 2.5 Axes
 + Level 2.5 Maces & Flails
 + Level 2.5 Polearms
 + Level 2.5 Staves
 + Level 2.5 Slings
 + Level 2.5 Bows
 + Level 2.5 Crossbows
 + Level 2.5 Throwing
 + Level 2.5 Armour
 + Level 5.2 Dodging
 + Level 4.9 Stealth
 + Level 2.5 Shields
 + Level 2.5 Unarmed Combat
 + Level 5.6 Spellcasting
 + Level 7.4 Conjurations
 + Level 2.0 Hexes
 + Level 2.0 Summonings
 + Level 2.0 Necromancy
 + Level 2.0 Translocations
 + Level 2.0 Transmutations
 + Level 2.0 Fire Magic
 + Level 2.0 Ice Magic
 + Level 2.0 Air Magic
 + Level 2.0 Earth Magic
 + Level 2.0 Poison Magic
 + Level 2.8 Invocations
 + Level 2.5 Evocations


You had 11 spell levels left.
You knew the following spells:

 Your Spells              Type           Power      Damage    Failure   Level
a - Magic Dart            Conj           100%       1d8       1%          1
d - Dazzling Flash        Conj/Hex       40%        N/A       5%          3
r - Searing Ray           Conj           60%        3d5       1%          2

Your spell library contained the following spells:

 Spells                   Type           Power      Damage    Failure   Level
 Fulminant Prism          Conj/Hex       10%        3d9       19%         4
 Iskenderun's Mystic Bla  Conj/Tloc      20%        2d6       19%         4
 Agony                    Necr           11%        N/A       85%         5
 Silence                  Hex/Air        5%         N/A       85%         5


Dungeon Overview and Level Annotations

Branches:
Dungeon (7/15)              Sewer (visited)
 Temple: D:4-7

Altars:


Innate Abilities, Weirdness & Mutations

You are a tree.
Your roots penetrate the ground, keeping you stationary.
You cannot be teleported.
You are immune to unholy pain and torment.
Your maximum health is greatly increased.
Your equipment is partially melded.
((You have very sharp teeth.))
Your uncanny sense of smell can sniff out nearby items.
Your experience applies equally to all skills.


Message History

* * * LOW HITPOINT WARNING * * *
The wight completely misses you.
You hit the ufetubus but do no damage.
The ufetubus is poisoned.
The ufetubus hits you but does no damage. x2
The wight hits you but does no damage.
You closely miss the ufetubus.
The ufetubus is lightly wounded.
The ufetubus hits you.
* * * LOW HITPOINT WARNING * * *
The ufetubus hits you but does no damage.
The wight hits you but does no damage.
The ufetubus hits you but does no damage.
The ufetubus hits you.
* * * LOW HITPOINT WARNING * * *
You closely miss the ufetubus.
The ufetubus is moderately wounded.
The ufetubus hits you but does no damage. x2
You barely miss the ufetubus.
The ufetubus is severely wounded.
The wight hits you but does no damage.
The ufetubus hits you but does no damage. x2
You barely miss the ufetubus.
The ufetubus is severely wounded.
The ufetubus hits you.
* * * LOW HITPOINT WARNING * * *
The ufetubus hits you but does no damage.
The wight hits you with a +0 war axe.
* * * LOW HITPOINT WARNING * * *
You hit the wight.
The wight is almost destroyed.
The ufetubus hits you but does no damage.
The ufetubus hits you.
* * * LOW HITPOINT WARNING * * *
The wight hits you but does no damage.
The ufetubus hits you but does no damage. x2
You barely miss the wight.
The wight is almost destroyed.
The ufetubus hits you but does no damage. x2
The wight hits you with a +0 war axe!
You die...

######## ∆
#......#
#......#
#.....♣#
#....z5###
#.....Z..###
#.!....#...#
#.......###.#
∆ #.#######
.5. # ..##
#.5 ##.


You could see a wight, an ufetubus (poisoned) and a howler monkey zombie.

Vanquished Creatures
  A necrophage (D:6)
  2 bullfrogs (Sewer)
  4 wights (D:6)
  A hound (D:3)
  A killer bee zombie (D:3)
  8 adders
  A river rat (D:3)
  An ufetubus (D:2)
  A worm (D:2)
  15 ball pythons
  6 bats
  7 endoplasms
  13 giant cockroaches
  9 goblins
  8 hobgoblins
  5 kobolds
  16 quokkas
  9 frilled lizards
  10 rats
118 creatures vanquished.

Notes
Turn   | Place    | Note
-------+----------+-------------------------------------------
     0 | D:1      | Rickety the Gnoll Conjurer began the quest for the Orb.
     0 | D:1      | Reached XP level 1. HP: 13/13 MP: 6/6
   367 | D:1      | Reached XP level 2. HP: 19/19 MP: 5/7
   370 | D:1      | Learned a level 2 spell: Searing Ray
   827 | D:1      | Reached XP level 3. HP: 25/25 MP: 7/9
   831 | D:1      | Learned a level 3 spell: Dazzling Flash
   869 | D:1      | Reached skill level 5 in Spellcasting
  1017 | D:1      | Found a faded altar of an unknown god.
  1337 | D:2      | Reached skill level 1 in Invocations
  1668 | D:2      | Reached skill level 1 in Fighting
  1668 | D:2      | Reached skill level 1 in Short Blades
  1668 | D:2      | Reached skill level 1 in Long Blades
  1668 | D:2      | Reached skill level 1 in Axes
  1668 | D:2      | Reached skill level 1 in Maces & Flails
  1668 | D:2      | Reached skill level 1 in Polearms
  1668 | D:2      | Reached skill level 1 in Staves
  1668 | D:2      | Reached skill level 1 in Slings
  1668 | D:2      | Reached skill level 1 in Bows
  1668 | D:2      | Reached skill level 1 in Crossbows
  1668 | D:2      | Reached skill level 1 in Throwing
  1668 | D:2      | Reached skill level 1 in Armour
  1668 | D:2      | Reached skill level 1 in Shields
  1668 | D:2      | Reached skill level 1 in Unarmed Combat
  1668 | D:2      | Reached skill level 1 in Evocations
  2013 | D:2      | Reached XP level 4. HP: 32/32 MP: 3/11
  2737 | D:3      | Reached skill level 1 in Hexes
  2737 | D:3      | Reached skill level 1 in Summonings
  2737 | D:3      | Reached skill level 1 in Necromancy
  2737 | D:3      | Reached skill level 1 in Translocations
  2737 | D:3      | Reached skill level 1 in Transmutations
  2737 | D:3      | Reached skill level 1 in Fire Magic
  2737 | D:3      | Reached skill level 1 in Ice Magic
  2737 | D:3      | Reached skill level 1 in Air Magic
  2737 | D:3      | Reached skill level 1 in Earth Magic
  2737 | D:3      | Reached skill level 1 in Poison Magic
  2905 | D:3      | Found a glowing drain.
  2911 | D:3      | Reached XP level 5. HP: 37/37 MP: 3/12
  2915 | Sewer    | Entered a sewer
  3673 | Sewer    | Reached XP level 6. HP: 32/44 MP: 9/13
  3766 | Sewer    | Reached skill level 5 in Dodging
  4247 | D:3      | You fall into a shaft and drop 3 floors!
  4265 | D:6      | Reached XP level 7. HP: 34/50 MP: 7/15
  4296 | D:7      | HP: 2/50 [wight (12)]
  4327 | D:7      | HP: 1/75 [ufetubus (4)]
  4328 | D:7      | Mangled by a wight

Illustrated notes

Levels and vault maps discovered:
D:1:      minmay_arrival_split_and_join, layout_basic,
          ebering_ecumenical_altar_rust, nrook_campfire,
          minmay_misc_feat_four_crosses
D:2:      layout_loops_corners, roderic_lattice_a, minmay_divided_ellipse
D:3:      layout_rooms, gup_sewer_entry_bubbles, kennysheep_crisscross,
          uniq_crazy_yiuf_cottage
D:6:      layout_loops_ring, kennysheep_generic_room_2, uniq_menkaure
D:7:      layout_rooms, serial_park_tiny_1, kennysheep_generic_room_16,
          uniq_duvessa, uniq_prince_ribbit1

Skill      XL: |  1  2  3  4  5  6  7 |
---------------+----------------------+-----
Spellcasting   | 5 |  5.6
Invocations    | 1 2 |  2.8
Fighting       | 1 2 |  2.5
Short Blades   | 1 2 |  2.5
Long Blades    | 1 2 |  2.5
Axes           | 1 2 |  2.5
Maces & Flails | 1 2 |  2.5
Polearms       | 1 2 |  2.5
Staves         | 1 2 |  2.5
Slings         | 1 2 |  2.5
Bows           | 1 2 |  2.5
Crossbows      | 1 2 |  2.5
Throwing       | 1 2 |  2.5
Armour         | 1 2 |  2.5
Shields        | 1 2 |  2.5
Unarmed Combat | 1 2 |  2.5
Evocations     | 1 2 |  2.5
Hexes          | 1 2 |  2.0
Summonings     | 1 2 |  2.0
Necromancy     | 1 2 |  2.0
Translocations | 1 2 |  2.0
Transmutations | 1 2 |  2.0
Fire Magic     | 1 2 |  2.0
Ice Magic      | 1 2 |  2.0
Air Magic      | 1 2 |  2.0
Earth Magic    | 1 2 |  2.0
Poison Magic   | 1 2 |  2.0
Dodging        | 5 |  5.2
Stealth        | |  4.9
Conjurations   | |  7.4

Action                   |  1- 3 |  4- 6 |  7- 9 || total
-------------------------+-------+-------+-------++-------
Melee: Dagger            |     3 |     1 |    31 ||    35
 Cast: Magic Dart        |    62 |    94 |     1 ||   157
       Searing Ray       |     9 |    15 |     3 ||    27
       Dazzling Flash    |       |     1 |       ||     1
  Use: Potion            |       |       |     3 ||     3
Armor: Robe              |     2 |     4 |     1 ||     7
       Skin              |       |       |    61 ||    61
Dodge: Dodged            |     8 |    44 |    18 ||    70
